 Dungeon Crawl Stone Soup version 0.29.1-2-gbd0b4ee654 (webtiles) character file.

Game seed: 614700026277984480

19020 Sabo the Basher (level 12, -7/107 HPs)
             Began as a Minotaur Fighter on Oct 23, 2022.
             Was the Champion of Fedhas.
             Killed from afar by an ironbound frostheart (18 damage)
             ... by creeping frost
             ... in an ice cave.
             The game lasted 01:18:00 (14440 turns).

Sabo the Basher (Minotaur Fighter)                 Turns: 14440, Time: 01:18:00

Health: -7/107     AC: 28    Str: 26    XL:     12   Next: 32%
Magic:  8/11       EV: 11    Int:  9    God:    Fedhas [******]
Gold:   472        SH:  7    Dex: 16    Spells: 11/11 levels left

rFire   . . .      SeeInvis .   c - +3 flail (vorpal)
rCold   + + .      Faith    .   C - +0 buckler {rC+}
rNeg    . . .      Spirit   .   u - +8 chain mail {Will+}
rPois   +          Reflect  .   E - +2 hat
rElec   .          Harm     .   g - +1 cloak
rCorr   .          Rampage  .   l - +2 pair of gloves
Will    +....                   (no boots)
Stlth   ..........              a - amulet of regeneration
HPRegen 1.07/turn               h - +6 ring of dexterity
MPRegen 0.12/turn               F - ring of Zypseh {rPois rC+ Int+4}

@: no status effects
A: horns 2, retaliatory headbutt
a: Renounce Religion, Wall of Briars, Grow Ballistomycete, Overgrow, Grow Oklob


You were in an ice cave.
You worshipped Fedhas.
Fedhas was exalted by your worship.
You visited 1 branch of the dungeon, and saw 11 of its levels.
You also visited: Ossuary and Ice Cave.

You collected 892 gold pieces.
You spent 420 gold pieces at shops.

Inventory:

Hand Weapons
 c - a +3 vorpal flail (weapon)
 t - a +1 hand axe of electrocution
 z - a +3 scimitar of flaming
 H - a +3 morningstar
Missiles
 i - 20 poisoned darts (quivered)
Armour
 g - a +1 cloak (worn)
 l - a +2 pair of gloves (worn)
 m - a +0 kite shield
 u - a +8 chain mail of willpower (worn)
 C - a +0 buckler of cold resistance (worn)
 E - a +2 hat (worn)
Jewellery
 a - an amulet of regeneration (around neck)
 h - a +6 ring of dexterity (left hand)
 F - the ring of Zypseh (right hand) {rPois rC+ Int+4}
   (You found it on level 10 of the Dungeon)

   [ring of poison resistance]

   Int:       It affects your intelligence (+4).
   rC:        It protects you from cold.
   rPois:     It protects you from poison.
Wands
 f - a wand of flame (6)
 k - a wand of charming (4)
 o - a wand of roots (6)
 r - a wand of mindburst (21)
 J - a wand of digging (4)
Scrolls
 d - 3 scrolls of butterflies
 e - 4 scrolls of magic mapping
 j - 5 scrolls of fear
 n - 4 scrolls of teleportation
 q - 3 scrolls of identify
 s - a scroll of silence
Potions
 b - a potion of mutation
 p - 4 potions of curing
 v - a potion of resistance
 w - a potion of berserk rage
 x - a potion of heal wounds
 A - 2 potions of invisibility
 B - 3 potions of flight
 D - a potion of haste
 G - 2 potions of might
Miscellaneous
 y - a lightning rod (3/4)
 I - a box of beasts


   Skills:
 + Level 10.4 Fighting
 + Level 3.6(9.7) Axes
 + Level 13.9(14.1) Maces & Flails
 + Level 0.2 Throwing
 + Level 11.4 Armour
 + Level 4.8 Dodging
 + Level 1.4 Stealth
 + Level 12.8 Shields
 + Level 0.7 Evocations


You had 11 spell levels left.
You didn't know any spells.
Your spell library contained the following spells:

 Spells                   Type           Power      Damage    Failure   Level
 Magic Dart               Conj           0%         1d3       91%         1
 Sandblast                Erth           0%         2d4       91%         1
 Shock                    Conj/Air       0%         1d3       91%         1
 Call Imp                 Summ           0%         N/A       97%         2
 Passwall                 Tmut/Erth      0%         N/A       97%         2
 Static Discharge         Conj/Air       0%         3-3/arc   97%         2
 Dazzling Flash           Conj/Hex       0%         N/A       99%         3
 Gell's Gravitas          Tloc           0%         N/A       99%         3
 Lesser Beckoning         Tloc           0%         N/A       99%         3
 Mephitic Cloud           Conj/Pois/Air  0%         N/A       99%         3
 Stone Arrow              Conj/Erth      0%         3d7       99%         3
 Swiftness                Air            0%         N/A       99%         3
 Teleport Other           Tloc           0%         N/A       99%         3
 Airstrike                Air            0%         2d(0-16)  100%        4
 Animate Armour           Summ/Erth      0%         N/A       100%        4
 Dispel Undead            Necr           0%         3d6       100%        4
 Iskenderun's Mystic Bla  Conj/Tloc      0%         2d3       100%        4
 Sticky Flame             Conj/Fire      0%         2d3       100%        4
 Starburst                Conj/Fire      0%         6d3       100%        6
 Lehudib's Crystal Spear  Conj/Erth      0%         10d2      100%        8


Dungeon Overview and Level Annotations

Branches:
Dungeon (11/15)            Temple (0/1) D:7            Lair (0/5) D:10
    Orc (0/2) D:9         Ossuary (visited)           IceCv (1/1)

Altars:
Elyvilon
Fedhas
Hepliaklqana
Okawaru
Qazlal
Yredelemnul
Zin
Jiyva

Shops:
D:2 [   D:6 !   D:7 *   D:10 *!*(

Annotations:
D:9 3 runed translucent doors, quakins's ghost, journeyman TrTm
D:10 2 transporters IceCv exclusion: ice statue


Innate Abilities, Weirdness & Mutations

You have a pair of horns on your head.
You reflexively headbutt those who attack you in melee.


Message History

The roots release their grip on the yak.
The roots release their grip on the polar bear.
The polar bear bites you but does no damage.
The polar bear misses you. You block the polar bear's attack.
The ironbound frostheart calls freezing cold from the walls.
The frost grips you.
* * * LOW HITPOINT WARNING * * *
The polar bear bites you but does no damage.
You block the polar bear's attack. The polar bear misses you.
The grasping roots constrict the polar bear!
The roots release their grip on the polar bear.
The ironbound frostheart calls freezing cold from the walls.
The frost grips you! You partially resist.
* * * LOW HITPOINT WARNING * * *
You thump the polar bear! Your headbutt misses the polar bear.
The polar bear is severely wounded.
A yak comes into view.
The polar bear barely misses you. The polar bear closely misses you.
The polar bear claws you but does no damage.
The ironbound frostheart calls freezing cold from the walls.
The frost grips you! You partially resist.
* * * LOW HITPOINT WARNING * * *
The polar bear bites you but does no damage.
The polar bear claws you but does no damage. x2
You feel better. The ice encasing you melts away.
The polar bear bites you but does no damage.
The polar bear claws you but does no damage. x2
The polar bear bites you but does no damage.
The polar bear claws you but does no damage. x2
Unknown command.
A briar patch grows up from the ground. x2; You block the polar bear's attack.
The polar bear claws you but does no damage. x2
The polar bear goes berserk!
You walk carefully through the plants.
You block the polar bear's attack.
The polar bear claws you but does no damage. x2
The ironbound frostheart calls freezing cold from the walls.
The frost grips you!! You partially resist.
You die...
Fedhas appreciates your contribution to the ecosystem.

##... ##.. #. ## #
###### ##..#.## ######
##...○..##
###@P..####...○.§☼.#
#Yhh#...∩.......°§..
#pYhh#######......☼...
#.pY#### #######§○##
#.Yh #...##~~≈ ..h
#..~#~~ .. ###.~~# #
#....### #..#...


You could see 2 ironbound frosthearts, 5 polar bears, 4 yaks and a wolf.

Vanquished Creatures
  A boulder beetle (D:11)
  A centaur warrior (D:11)
  4 two-headed ogres
  2 death yaks (IceCv)
  2 ugly things (D:11)
  A manticore (D:11)
  Maggie (D:10)
  A gargoyle (D:10)
  3 kobold demonologists (D:10)
  A troll (D:10)
  6 polar bears (IceCv)
  A spriggan (D:9)
  A shadow (D:11)
  22 yaks
  2 wyverns (D:10)
  2 basilisks (D:10)
  A steam dragon (D:7)
  2 water moccasins
  3 orc warriors
  An ice beast (D:5)
  A sky beast (D:7)
  3 ogres (D:6)
  12 wolves (IceCv)
  2 phantoms
  5 centaurs
  3 kobold brigands
  3 bullfrogs
  2 scorpions
  2 gnoll sergeants (D:11)
  2 necrophages
  5 water moccasin zombies (Ossuary)
  4 wights (D:10)
  22 killer bees
  2 howler monkeys
  3 jellies
  4 gnoll boudas
  4 orc priests
  6 hounds
  Crazy Yiuf (D:7)
  3 iguanas
  8 orc wizards
  2 mummies (Ossuary)
  8 adders
  29 gnolls
  2 shadow imps
  12 white imps (D:11)
  3 ufetubi
  6 adder zombies (Ossuary)
  2 worms
  4 dart slugs
  31 orcs
  7 endoplasms
  A giant cockroach (D:4)
  4 gnoll zombies (Ossuary)
  5 goblins
  6 hobgoblins
  4 jackals (D:3)
  3 quokkas
  8 ball pythons
  3 bats
  A frilled lizard (D:2)
  A hobgoblin zombie (Ossuary)
  21 kobolds
  6 kobold zombies (Ossuary)
  2 orc zombies (Ossuary)
  7 rats
333 creatures vanquished.

Vanquished Creatures (others)
  An orc (D:8)
  A quokka (D:8)
2 creatures vanquished.

Grand Total: 335 creatures vanquished

Notes
Turn   | Place    | Note
-------+----------+-------------------------------------------
     0 | D:1      | Sabo the Minotaur Fighter began the quest for the Orb.
     0 | D:1      | Reached XP level 1. HP: 19/19 MP: 0/0
   586 | D:1      | Reached XP level 2. HP: 27/27 MP: 1/1
  1147 | D:2      | Reached skill level 1 in Dodging
  1195 | D:2      | Reached XP level 3. HP: 33/33 MP: 2/2
  1301 | D:2      | Found Ohoirept's Antique Armour Boutique.
  1310 | D:2      | Bought a kite shield for 90 gold pieces
  1501 | D:2      | Reached XP level 4. HP: 13/40 MP: 3/3
  2527 | D:3      | Found a faded altar of an unknown god.
  2534 | D:3      | Prayed at the altar of an unknown god.
  2534 | D:3      | Became a worshipper of Fedhas Madash
  2534 | D:3      | Reached * piety under Fedhas
  2571 | D:3      | Reached skill level 1 in Maces & Flails
  3303 | D:4      | Reached XP level 5. HP: 46/46 MP: 4/4
  3362 | D:4      | Reached skill level 2 in Maces & Flails
  3384 | D:4      | Reached skill level 5 in Armour
  3762 | D:4      | Reached ** piety under Fedhas
  4042 | D:4      | Reached XP level 6. HP: 53/53 MP: 5/5
  4134 | D:5      | Entered Level 5 of the Dungeon
  4134 | D:5      | Noticed an ice beast
  4142 | D:5      | Killed an ice beast
  4143 | D:5      | Reached skill level 3 in Maces & Flails
  4260 | D:5      | Reached skill level 4 in Maces & Flails
  4292 | D:5      | Noticed an orc warrior
  4313 | D:5      | Killed an orc warrior
  4314 | D:5      | Reached XP level 7. HP: 14/60 MP: 6/6
  4778 | D:5      | Reached skill level 5 in Maces & Flails
  4778 | D:5      | Reached skill level 5 in Shields
  4889 | D:5      | Reached skill level 5 in Fighting
  5549 | D:5      | Reached skill level 6 in Maces & Flails
  5576 | D:6      | Reached *** piety under Fedhas
  5757 | D:6      | Reached XP level 8. HP: 56/69 MP: 7/7
  5886 | D:6      | Reached skill level 7 in Maces & Flails
  5957 | D:6      | Found an iron altar of Okawaru.
  6179 | D:6      | Found Weorph's Distillery.
  6237 | D:6      | Bought a potion of curing for 36 gold pieces
  6272 | D:6      | Noticed a two-headed ogre
  6285 | D:6      | Killed a two-headed ogre
  6286 | D:6      | Reached skill level 8 in Maces & Flails
  6286 | D:6      | Reached XP level 9. HP: 41/77 MP: 8/8
  6609 | D:6      | Noticed a two-headed ogre
  6612 | D:6      | Reached skill level 9 in Maces & Flails
  6618 | D:6      | Killed a two-headed ogre
  7139 | D:7      | Found Damiumy's General Store.
  7213 | D:7      | Found a runed translucent door.
  7214 | D:7      | Noticed Crazy Yiuf
  7219 | D:7      | Killed Crazy Yiuf
  7425 | D:7      | Found a staircase to the Ecumenical Temple.
  7433 | D:7      | Reached **** piety under Fedhas
  7441 | D:7      | Reached skill level 10 in Maces & Flails
  7554 | D:7      | Found a glowing silver altar of Zin.
  8795 | D:8      | Reached XP level 10. HP: 21/88 MP: 9/9
  8811 | D:8      | HP: 4/88 [orc warrior/+0 trident (2)]
  9184 | D:8      | Found a sand-covered staircase.
  9195 | Ossuary  | Entered an ossuary
  9334 | Ossuary  | Reached ***** piety under Fedhas
  9736 | D:8      | Reached skill level 11 in Maces & Flails
  9763 | D:8      | Found a white marble altar of Elyvilon.
  9936 | D:9      | Noticed a two-headed ogre
  9952 | D:9      | Killed a two-headed ogre
  9953 | D:9      | Reached skill level 1 in Stealth
 10118 | D:9      | Found a runed translucent gate.
 10118 | D:9      | Found a runed translucent gate.
 10118 | D:9      | Found a runed translucent gate.
 10121 | D:9      | Noticed quakins's ghost (journeyman TrTm)
 10124 | D:9      | Found a viscous altar of Jiyva.
 10767 | D:9      | Found a staircase to the Orcish Mines.
 10888 | D:9      | Found a basalt altar of Yredelemnul.
 11004 | D:9      | Reached skill level 10 in Shields
 11200 | D:9      | Found a hazy altar of Hepliaklqana.
 11229 | D:9      | Reached XP level 11. HP: 97/97 MP: 10/10
 11341 | D:10     | Entered Level 10 of the Dungeon
 11517 | D:10     | Found a staircase to the Lair.
 11529 | D:10     | Reached skill level 12 in Maces & Flails
 11541 | D:10     | Reached skill level 10 in Armour
 11644 | D:10     | Noticed a sun demon
 11676 | D:10     | Noticed a soul eater
 11833 | D:10     | Found Borhaiph's General Store.
 11863 | D:10     | Bought a potion of curing for 39 gold pieces
 11944 | D:10     | Noticed Maggie
 11945 | D:10     | Identified the ring of Zypseh {rPois rC+ Int+4}
 11957 | D:10     | Killed Maggie
 12037 | D:10     | Noticed a two-headed ogre
 12046 | D:10     | Killed a two-headed ogre
 12151 | D:10     | Found Zokkir's Distillery.
 12161 | D:10     | Bought a potion of might for 60 gold pieces
 12161 | D:10     | Bought a potion of might for 60 gold pieces
 12227 | D:10     | Noticed a yaktaur captain
 12227 | D:10     | Noticed a red ugly thing
 12229 | D:10     | Found a transporter.
 12229 | D:10     | Noticed a wizard
 12229 | D:10     | Noticed a rakshasa
 12547 | D:10     | Found Fatabia's Weapon Shop.
 12657 | D:10     | Found a stormy altar of Qazlal.
 12831 | D:10     | Found a transporter.
 12974 | D:10     | Found Kinog's Assorted Antiques.
 12982 | D:10     | Bought a dented citrine amulet for 135 gold pieces
 13397 | D:11     | Noticed a centaur warrior
 13405 | D:11     | Killed a centaur warrior
 13406 | D:11     | Reached skill level 13 in Maces & Flails
 13583 | D:11     | Noticed a brown ugly thing
 13589 | D:11     | Killed a brown ugly thing
 13624 | D:11     | Reached ****** piety under Fedhas
 13693 | D:11     | Noticed a boulder beetle
 13729 | D:11     | Killed a boulder beetle
 13730 | D:11     | Reached skill level 10 in Fighting
 13842 | D:11     | Noticed a green ugly thing
 13855 | D:11     | Killed a green ugly thing
 13906 | D:11     | Found a frozen archway.
 13945 | IceCv    | Entered an ice cave
 14016 | IceCv    | Noticed a death yak
 14017 | IceCv    | Noticed a death yak
 14039 | IceCv    | Killed a death yak
 14040 | IceCv    | Reached XP level 12. HP: 27/106 MP: 11/11
 14046 | IceCv    | Killed a death yak
 14427 | IceCv    | Noticed an ironbound frostheart
 14430 | IceCv    | Noticed an ironbound frostheart
 14437 | IceCv    | HP: 2/107 [ironbound frostheart/creeping frost (13)]
 14440 | IceCv    | Killed from afar by an ironbound frostheart

Illustrated notes

Levels and vault maps discovered:
D:1:      nicolae_arrival_somewhat_less_tricky_arrival, layout_rooms
D:2:      layout_rooms, serial_shops, nicolae_shop_hallway_stairs,
          palyth_stone_intersect, hangedman_decor_slide_cut, minmay_pentomino_z2
D:3:      layout_loops_corners, chequers_ecumenical_altar_simple,
          corexii_leaking_fountain
D:4:      layout_layer_cave
D:5:      layout_basic, amcnicky_mini_pool_small
D:6:      layout_basic, mainiacjoe_overflow_surrounded_room, serial_shops,
          shop_coins, minmay_increasing_density
D:7:      minmay_inner_zag, layout_cave_pods, zin_statuary,
          minmay_temple_entry_antechambers, serial_shops, shop,
          hangedman_decor_lopped, uniq_crazy_yiuf_cottage
D:8:      layout_cave_pools, elyvilon_altar_4, nicolae_ossuary_entry_ruins,
          grunt_ministairs_1
D:9:      nicolae_BIG_FREAKIN_CUBE, layout_basic, old_standard_altar,
          kennysheep_little_box, gammafunk_ghost_ooze, the_hattery
D:10:     gammafunk_sealed_arena, layout_basic, old_standard_altar,
          david_lair_generic, serial_shops, kennysheep_mini_moat, shop,
          nicolae_shop_hallway_stairs, nicolae_diamond_shop,
          hangedman_abyss_or_decor_stabs, uniq_maggie
D:11:     layout_loops_ring, portal_ice_cave_entry_imps,
          nicolae_gozag_cash_rules_everything_around_me
IceCv:    ice_cave_caverns_03

Skill      XL: |  1  2  3  4  5  6  7  8  9 10 11 |
---------------+----------------------------------+-----
Armour         | 4 5 6 7 8 9 11 | 11.4
Fighting       | 4 5 6 8 9 10 | 10.4
Dodging        | 1 2 3 4 |  4.8
Axes           | 3 |  3.6
Shields        | 4 5 7 8 10 12 | 12.8
Maces & Flails | 1 2 4 6 8 10 11 13 | 13.9
Stealth        | 1 |  1.4
Throwing       | |  0.2
Evocations     | |  0.7

Action                   |  1- 3 |  4- 6 |  7- 9 | 10-12 || total
-------------------------+-------+-------+-------+-------++-------
Melee: War axe           |    63 |       |       |       ||    63
       Headbutt          |     6 |    26 |    35 |   138 ||   205
       Flail             |       |   134 |   243 |   611 ||   988
Throw: Dart              |       |       |       |     2 ||     2
Invok: Wall of Briars    |       |       |       |     1 ||     1
Evoke: Wand              |       |       |       |     4 ||     4
       Lightning rod     |       |       |       |     1 ||     1
  Use: Scroll            |     3 |     3 |    17 |     8 ||    31
       Potion            |     1 |       |     1 |     3 ||     5
Armor: Scale mail        |    29 |    15 |       |       ||    44
       Chain mail        |       |    52 |   179 |   339 ||   570
Dodge: Dodged            |    43 |    46 |   104 |   220 ||   413
Block: Buckler           |    17 |       |       |    47 ||    64
       Kite shield       |    13 |    86 |   157 |   344 ||   600
